 Dungeon Crawl Stone Soup version 0.22-a0-307-g2b15929 (webtiles) character file.

2195 Gildeon the Magician (level 8, -7/57 HPs)
             Began as a Demigod Fire Elementalist on Apr 1, 2018.
             Mangled by an orc warrior
             ... wielding a +0 glaive
              (13 damage)
             ... on level 6 of the Dungeon.
             The game lasted 00:54:04 (6616 turns).

Gildeon the Magician (Demigod Fire Elementalist)    Turns: 6616, Time: 00:54:05

Health: -7/57      AC:  9    Str: 11    XL:     8   Next: 88%
Magic:  10/19      EV: 12    Int: 21    God:
Gold:   342        SH:  0    Dex: 18    Spells: 0/18 levels left

rFire    . . .     SeeInvis .   d - +0 battleaxe (flame)
rCold    . . .     Gourm    .   (shield currently unavailable)
rNeg     . . .     Faith    .   s - +2 robe {Archmagi}
rPois    +         Spirit   .   (no helmet)
rElec    .         Reflect  .   m - +2 cloak
rCorr    .         Harm     .   (no gloves)
MR       .....                  j - +1 pair of boots
Stlth    +++.......             (no amulet)
HPRegen  0.19/turn              h - ring of poison resistance
MPRegen  0.16/turn              o - ring of stealth

@: no status effects
A: high mp 1
a: no special abilities


You were on level 6 of the Dungeon.
You were not hungry.

You visited 1 branch of the dungeon, and saw 7 of its levels.
You also visited: Sewer.

You collected 342 gold pieces.

Inventory:

Hand Weapons
 d - a +0 battleaxe of flaming (weapon)
Armour
 a - a +1 robe
 j - a +1 pair of boots (worn)
 m - a +2 cloak (worn)
 s - a +2 robe of the Archmagi (worn)
Jewellery
 h - a ring of poison resistance (left hand)
 o - a ring of stealth (right hand)
Wands
 q - a wand of flame (19)
Scrolls
 i - 3 scrolls of remove curse
 u - 5 scrolls of teleportation
Potions
 g - 2 potions of invisibility {unknown}
 k - a potion of cancellation {unknown}
 l - 2 potions of haste {unknown}
 n - 4 potions of curing {unknown}
 p - 2 potions of might {unknown}
 r - a potion of flight {unknown}
 t - 5 potions of magic {unknown}
 v - 4 potions of mutation {unknown}
Comestibles
 c - 11 rations


   Skills:
 - Level 1.7 Dodging
 + Level 2.3 Stealth
 - Level 5.5 Spellcasting
 - Level 5.3 Conjurations
 - Level 5.3 Hexes
 - Level 5.0 Fire Magic
 - Level 2.9 Evocations


You couldn't memorise any spells.
You knew the following spells:

 Your Spells              Type           Power        Failure   Level  Hunger
a - Flame Tongue          Conj/Fire      #####        1%          1    None
b - Throw Flame           Conj/Fire      #####.       1%          2    None
c - Conjure Flame         Conj/Fire      #####...     3%          3    ##.....
d - Inner Flame           Hex/Fire       #####...     3%          3    ##.....
e - Sticky Flame          Conj/Fire      #####...     12%         4    ####...
f - Fireball              Conj/Fire      #####.....   34%         5    #####..


Dungeon Overview and Level Annotations

Branches:
Dungeon (7/15)
 Temple: D:4-7


Innate Abilities, Weirdness & Mutations

You have an increased reservoir of magic. (+10% MP)


Message History

Aiming: Flame Tongue (safe; 1% risk of failure)
Press: ? - help, Shift-Dir - straight line, f/p - orc warrior
Aim: an orc warrior, wielding a glaive and wearing a chain mail (heavily wounded)
You feel a surge of power!
The flame tongue misses the orc warrior.
The flame tongue hits the black bear.
The black bear is lightly wounded.
The orc warrior hits you from afar with a glaive!!
* * * LOW HITPOINT WARNING * * *
Casting: Flame Tongue (safe; 1% risk of failure)
Confirm with . or Enter, or press ? or * to list all spells.
Aiming: Flame Tongue (safe; 1% risk of failure)
Press: ? - help, Shift-Dir - straight line, f/p - orc warrior
Aim: an orc warrior, wielding a glaive and wearing a chain mail (heavily wounded)
You feel a surge of power!
The flame tongue misses the orc warrior.
The flame tongue hits the black bear.
The black bear is moderately wounded.
The orc warrior hits you from afar with a glaive!
You die... .. .....#. .. .._... .. ..... .##)..# #. ..).. #.. oh.

#.# #o# ##.# ###
#?##..# ..### #@...#
....# ##..## ...##
##..## ...####
###....## ......####
##.......#
.###.....###..##...##
.# ####......#######
# .#########..## .
.....# ##..# ..


You could see an orc warrior, a black bear and an orc.

Vanquished Creatures
  Pikel (D:6)
  Grinder (D:5)
  Sigmund (D:3)
  Eustachio (D:6)
  A hungry ghost (D:6)
  A water moccasin (D:6)
  Blork the orc (D:5)
  An electric eel (D:6)
  2 crimson imps (D:5)
  A hound (D:5)
  A jelly (D:5)
  6 orc priests
  A bullfrog skeleton (D:5)
  A centaur skeleton (D:5)
  Jessica (D:2)
  Terence (D:3)
  2 orc wizards
  An iguana (D:4)
  2 worker ants
  A worker ant zombie (D:5)
  11 adders
  4 gnolls
  2 river rats (Sewer)
  A shadow imp (D:5)
  An adder zombie (D:4)
  5 worms
  3 dart slugs
  4 leopard geckos (D:2)
  13 orcs
  5 ball pythons
  6 bats
  4 giant cockroaches
  6 goblins
  8 hobgoblins
  A quokka (D:2)
  A ball python zombie (D:5)
  13 frilled lizards
  9 kobolds
  8 rats
  A fungus (D:4)
134 creatures vanquished.

Vanquished Creatures (others)
  The ghost of mortelune the Grave Robber, an amateur DDNe (D:6)
  An electric eel (D:6)
2 creatures vanquished.

Grand Total: 136 creatures vanquished

Notes
Turn   | Place    | Note
-------+----------+-------------------------------------------
     0 | D:1      | Gildeon the Demigod Fire Elementalist began the quest for the Orb.
     0 | D:1      | Reached XP level 1. HP: 14/14 MP: 5/5
   485 | D:1      | Reached XP level 2. HP: 20/20 MP: 4/8
   495 | D:1      | Learned a level 2 spell: Throw Flame
   845 | D:2      | Noticed Jessica
   849 | D:2      | Killed Jessica
   849 | D:2      | Reached XP level 3. HP: 26/26 MP: 6/10
   887 | D:2      | Learned a level 3 spell: Conjure Flame
  1073 | D:2      | Learned a level 3 spell: Inner Flame
  1235 | D:2      | Found a faded altar of an unknown god.
  1362 | D:2      | Reached XP level 4. HP: 33/33 MP: 7/12
  2197 | D:3      | Found a snail-covered altar of Cheibriados.
  2208 | D:3      | Found an opulent altar of Gozag.
  2452 | D:3      | Noticed Sigmund
  2474 | D:3      | Killed Sigmund
  2474 | D:3      | Reached skill level 5 in Spellcasting
  2474 | D:3      | Reached XP level 5. HP: 33/38 MP: 0/16
  2480 | D:3      | Learned a level 4 spell: Sticky Flame
  2646 | D:3      | Noticed Terence
  2652 | D:3      | Killed Terence
  2652 | D:3      | Reached XP level 6. HP: 45/45 MP: 4/17
  3233 | D:5      | Entered Level 5 of the Dungeon
  3246 | D:5      | Found a basalt altar of Yredelemnul.
  3357 | D:5      | Found a glowing drain.
  3389 | Sewer    | Entered a sewer
  4588 | D:4      | Reached XP level 7. HP: 50/50 MP: 11/18
  4654 | D:5      | Reached skill level 5 in Fire Magic
  4658 | D:5      | Reached skill level 1 in Conjurations
  5222 | D:5      | Noticed Blork the orc
  5231 | D:5      | Killed Blork the orc
  5426 | D:5      | Found a blossoming altar of Fedhas.
  5494 | D:5      | Noticed Grinder
  5495 | D:5      | Paralysed by Grinder for 7 turns
  5506 | D:5      | Killed Grinder
  5506 | D:5      | Reached skill level 5 in Conjurations
  5963 | D:6      | Reached XP level 8. HP: 54/57 MP: 14/19
  5972 | D:5      | Learned a level 5 spell: Fireball
  6091 | D:6      | Noticed Pikel
  6096 | D:6      | Noticed mortelune's ghost (amateur DDNe)
  6113 | D:6      | Killed Pikel
  6113 | D:6      | Reached skill level 5 in Hexes
  6118 | D:6      | Killed mortelune's ghost
  6270 | D:6      | Noticed Eustachio
  6331 | D:6      | Killed Eustachio
  6604 | D:6      | Found an iron altar of Okawaru.
  6616 | D:6      | Mangled by an orc warrior

Vault maps used:
D:1:      dpeg_arrival_tiny_b
D:2:      chequers_ecumenical_altar_simple_redux, first_ration,
          minmay_pentomino_o2, uniq_jessica
D:3:      amethyst_overflow_temple_binary, corexii_corridor_pit, hex_large,
          uniq_terence, uniq_sigmund
D:4:      minmay_gold_behind_fungi, minmay_cut_off
D:5:      lemuel_round_altar, yredelemnul_altar_generic,
          cheibrodos_sewer_entry_drain, uniq_grinder, uniq_blork_the_orc
D:6:      minivault_14, okawaru_gym_becter, uniq_eustachio, uniq_pikel
D:7:      temple_fountains, kennysheep_generic_room_6, uniq_duvessa
Sewer:    sewer_co_cracked_pipes

Skill      XL: |  1  2  3  4  5  6  7  8 |
---------------+-------------------------+-----
Spellcasting   | 2 3 5 |  5.5
Fire Magic     | 4 5 |  5.0
Conjurations   | 5 |  5.3
Hexes          | 5 |  5.3
Evocations     | 2 |  2.9
Stealth        | 2 |  2.3
Dodging        | |  1.7

Action                   |  1- 3 |  4- 6 |  7- 9 || total
-------------------------+-------+-------+-------++-------
Melee: Short sword       |     1 |    56 |    90 ||   147
       Battleaxe         |       |       |    22 ||    22
 Cast: Flame Tongue      |    65 |   142 |    92 ||   299
       Throw Flame       |       |     6 |     1 ||     7
       Sticky Flame      |       |     3 |     8 ||    11
       Fireball          |       |       |     1 ||     1
Evoke: Wand              |       |     5 |    12 ||    17
  Use: Scroll            |     4 |     8 |     5 ||    17
       Potion            |       |     2 |     3 ||     5
 Stab: Sleeping          |     1 |     3 |       ||     4
  Eat: Chunk             |     1 |    11 |     2 ||    14
       Ration            |       |       |     2 ||     2
Armor: Robe              |     5 |    44 |    59 ||   108
Dodge: Dodged            |    16 |    69 |    95 ||   180

Table legend:
 A = Spawn XP
 B = Non-spawn XP
 C = Spawn XP percentage of total XP
 D = Spawn monster count
 E = Non-spawn monster count
 F = Spawn count percentage of total count
 G = Total turns spent on level
                    A         B        C        D         E        F      G
               +---------+---------+-------+---------+---------+-------+---------
         Total |       0 |    3136 |   0.0 |       0 |     134 |   0.0 |  6616
               +---------+---------+-------+---------+---------+-------+---------
           D:1 |       0 |      19 |   0.0 |       0 |      13 |   0.0 |   784
           D:2 |       0 |     128 |   0.0 |       0 |      29 |   0.0 |  1089
           D:3 |       0 |     388 |   0.0 |       0 |      23 |   0.0 |  1221
           D:4 |       0 |     209 |   0.0 |       0 |      16 |   0.0 |  1109
           D:5 |       0 |     848 |   0.0 |       0 |      23 |   0.0 |  1411
           D:6 |       0 |    1464 |   0.0 |       0 |      12 |   0.0 |   651
         Sewer |       0 |      80 |   0.0 |       0 |      18 |   0.0 |   347
               +---------+---------+-------+---------+---------+-------+---------
